AoeStats
← Mrcy

Oasis

509346727Analyzed
4v4 RM · 7d ago on Sep 26, 2026· 50m 56s· 8 players
Game mode
Random Map
Map size
Large (8 player)
Population
200
Speed
Normal
Resources
Standard
Victory
Conquest
Starting age
Dark Age
Ending age
Imperial Age
RankedLock teamsTeams togetherTeam positionsShared explorationLock speedFull tech treeHidden civsTurbo modeCheats
Victory
Defeat
🇨🇳 Portuguese · China
1142
+13
🇳🇱 Varangians · Netherlands
1113
+14
1035
+18
🇨🇳 Wei · China
932
+22
🇹🇼 Khmer · Taiwan
1078
-17
🇹🇼 Berbers · Taiwan
1073
-17
🇹🇼 Danes · Taiwan
1070
-17
🇹🇼 Varangians · Taiwan
1059
-16
sorrow
11:16 Feudal Age
15:59 Castle Age
14:03 Double-Bit Axe
14:55 Horse Collar
17:40 Bow Saw
19:14 Heavy Plow
21:57 Padded Archer Armor
22:50 Fletching
25:48 Bodkin Arrow
29:47 Wheelbarrow
31:25 Thumb Ring
33:45 Husbandry
33:56 Bloodlines
36:59 Imperial Age
35:56 Hand Cart
37:15 Scale Barding Armor
37:28 Forging
37:51 Ballistics
38:39 Heavy Camel Rider
38:49 Elite Camel Archer
39:42 Murder Holes
43:17 Iron Casting
42:50 Town Watch
47:19 Blast Furnace
46:19 Bracer
46:31 Maghrebi Camels
48:54 Chain Barding Armor
神崎ももち
7:02 Loom
9:30 Feudal Age
13:46 Double-Bit Axe
23:16 Castle Age
22:54 Forging
24:08 Scale Mail Armor
26:22 Gambesons
26:39 Squires
27:41 Pikeman
36:27 Chain Mail Armor
36:48 Iron Casting
40:54 Wheelbarrow
40:04 Horse Collar
40:35 Bow Saw
Gaster
3:25 Loom
13:10 Feudal Age
13:36 Horse Collar
15:33 Wheelbarrow
20:06 Castle Age
20:12 Gold Mining
21:22 Double-Bit Axe
24:08 Pikeman
37:21 Husbandry
37:32 Bloodlines
37:45 Heavy Plow
DontCry
7:54 Loom
9:55 Feudal Age
10:14 Man-at-Arms
13:04 Double-Bit Axe
17:02 Horse Collar
24:43 Castle Age
23:00 Forging
24:45 Pikeman
25:26 Squires
26:06 Iron Casting
25:19 Long Swordsman
25:45 Gambesons
26:20 Scale Mail Armor
26:57 Bow Saw
26:48 Heavy Plow
27:17 Scale Barding Armor
28:16 Arson
30:09 Wheelbarrow
30:08 Gold Mining
33:08 Stone Mining
37:27 Imperial Age
35:14 Hand Cart
35:36 Town Watch
37:34 Town Patrol
37:33 Halberdier
37:34 Two-Handed Swordsman
38:47 Ballistics
38:40 Champion
40:19 Conscription
40:55 Gold Shaft Mining
41:21 Blast Furnace
40:52 Chain Mail Armor
40:36 Hamask
42:04 Stone Shaft Mining
44:43 Elite Jomsviking
45:20 Elite Jomsviking
45:58 Arrowslits
47:45 Plate Mail Armor
47:22 Caravan
Mrcy
2:15 Loom
10:22 Feudal Age
11:00 Double-Bit Axe
13:31 Bloodlines
14:31 Scale Barding Armor
22:42 Castle Age
20:51 Horse Collar
21:03 Gold Mining
24:05 Chain Barding Armor
23:08 Light Cavalry
23:49 Husbandry
24:33 Heavy Plow
27:59 Wheelbarrow
29:16 Bow Saw
36:03 Imperial Age
34:10 Town Watch
34:11 Vendel Legacy
35:34 Fortified Wall
38:32 Conscription
39:09 Town Patrol
39:48 Cavalier
40:53 Hand Cart
40:35 Fletching
40:56 Forging
43:40 Chemistry
42:36 Murder Holes
We lost everything!
11:19 Feudal Age
9:35 Loom
19:27 Castle Age
18:35 Gold Mining
18:31 Double-Bit Axe
18:38 Horse Collar
20:29 Husbandry
34:03 Imperial Age
32:08 Wheelbarrow
31:19 Town Watch
32:10 Burgundian Vineyards
34:44 Hand Cart
34:29 Town Patrol
36:18 Guilds
35:47 Elite Skirmisher
36:52 Cavalier
39:02 Forging
38:58 Scale Barding Armor
38:43 Fletching
38:54 Padded Archer Armor
41:32 Chemistry
40:32 Murder Holes
40:47 Masonry
41:07 Paladin
42:00 Bodkin Arrow
42:41 Iron Casting
43:21 Conscription
43:37 Hoardings
43:23 Bracer
43:38 Leather Archer Armor
50:10 Ballistics
50:22 Architecture
小希小希
11:21 Feudal Age
13:04 Wheelbarrow
12:23 Loom
15:09 Bloodlines
17:19 Double-Bit Axe
23:25 Castle Age
23:34 Stone Mining
23:50 Padded Archer Armor
25:08 Leather Archer Armor
24:44 Fletching
25:50 Scale Barding Armor
25:56 Forging
26:36 Bodkin Arrow
26:43 Elite Skirmisher
30:08 Chain Barding Armor
30:24 Iron Casting
34:35 Bow Saw
35:15 Gold Mining
35:36 Horse Collar
37:23 Light Cavalry
38:04 Husbandry
38:45 Thumb Ring
39:54 Hand Cart
39:36 Treadmill Crane
39:49 Town Watch
41:05 Heavy Plow
41:45 Gold Shaft Mining
44:36 Imperial Age
45:49 Parthian Tactics
44:55 Hussar
46:26 Iron Casting
45:52 Bracer
48:22 Chemistry
47:42 Ballistics
48:29 Ring Archer Armor
49:02 Ming Guang Armor
49:14 Hoardings
yangyang
1:58 Loom
12:52 Feudal Age
15:14 Horse Collar
17:50 Castle Age
18:12 Scale Barding Armor
19:02 Double-Bit Axe
23:38 Bloodlines
29:21 Husbandry
31:18 Wheelbarrow
33:51 Hand Cart
34:11 Heavy Plow
34:25 Bow Saw
35:10 Gold Mining
35:10 Stone Mining
39:03 Imperial Age
37:05 Pikeman
37:31 Gambesons
37:31 Arson
38:41 Stone Shaft Mining
40:17 Crop Rotation
40:51 Two-Man Saw
40:31 Conscription
40:22 Arquebus
39:51 Halberdier
43:06 Chemistry
41:47 Treadmill Crane
43:41 Forging
43:32 Scale Mail Armor
43:33 Padded Archer Armor
44:19 Elite Organ Gun
Connection lost

Rejoining the realm…

Still unreachable

The connection could not be restored.

Session expired

The server has moved on; the page needs a fresh start.